 Dungeon Crawl Stone Soup version 0.31.0-11-ge490571c62 (webtiles) character file.

Game seed: 3460977138624347583

1248 Aneyh the Trooper (level 8, -1/79 HPs)
             Began as a Tengu Monk on Jan 31, 2024.
             Slain by a vampire (4 damage)
             ... on level 6 of the Dungeon.
             The game lasted 00:14:14 (4974 turns).

Aneyh the Trooper (Tengu Monk)                      Turns: 4974, Time: 00:14:15

Health: -1/79      AC:  6    Str: 21 (23) XL:     8   Next: 50%
Magic:  9/9        EV: 18    Int: 10 (13) God:
Gold:   235        SH:  4    Dex: 16 (17) Spells: 7/7 levels left

rFire   . . .        G - +0 great sword
rCold   . . .        (shield currently unavailable)
rNeg    . . .        v - +0 leather armour
rPois   .            (helmet restricted)
rElec   .            (no cloak)
rCorr   .            j - +0 pair of gloves
SInv    .            (boots unavailable)
Will    +....        (no amulet) Stlth
                     h - +6 ring of strength
HPRegen 0.33/turn    m - +6 ring of strength
MPRegen 0.11/turn

%: acrobat
@: berserking, enlightened, flying, very quick
A: beak, talons 3, evasive flight, acrobatic, iridescent scales 1, large bone
plates 1, inability to read after injury 2
a: no special abilities


You were on level 6 of the Dungeon.
You visited 1 branch of the dungeon, and saw 6 of its levels.
You also visited: Sewer.

You collected 235 gold pieces.

Inventory:

Hand Weapons
 a - a +0 falchion
 q - a +0 spear
 x - a +0 trident
 G - a +0 great sword (weapon)
Armour
 b - a +0 robe
 j - a +0 pair of gloves (worn)
 p - a +0 buckler
 u - a +0 ring mail
 v - a +0 leather armour (worn)
Jewellery
 f - a ring of magical power
 h - a +6 ring of strength (left hand)
 m - a +6 ring of strength (right hand)
Wands
 C - a wand of polymorph (4)
Scrolls
 c - a scroll of fear {unknown}
 d - a scroll of amnesia {unknown}
 e - 5 scrolls of poison {unknown}
 g - 2 scrolls of butterflies {unknown}
 k - 5 scrolls of teleportation {unknown}
 n - a scroll of enchant weapon {unknown}
 y - 5 scrolls of revelation
 z - 4 scrolls of blinking {unknown}
 B - 3 scrolls of enchant armour
 E - a scroll of brand weapon {unknown}
Potions
 i - a potion of curing
 l - a potion of haste
 o - a potion of might
 D - a potion of mutation
 F - 2 potions of magic {unknown}


   Skills:
 * Level 7.6 Fighting
 * Level 5.2 Long Blades
 - Level 5.0 Polearms
 + Level 5.2 Dodging


You had 7 spell levels left.
You didn't know any spells.
Your spell library was empty.

Dungeon Overview and Level Annotations

Branches:
Dungeon (6/15)              Sewer (visited)
 Temple: D:4-7

Altars:
Sif Muna


Innate Abilities, Weirdness & Mutations

You have a beak for a mouth.
You have claws for feet.
Your magical flight helps you evade attacks. (EV +4)
You can magically evade attacks while moving or waiting.
You are partially covered in iridescent scales. (AC +2)
You are partially covered in large bone plates. (SH +4)
You sometimes lose the ability to read scrolls when taking damage.


Message History

It was a potion of haste.
You feel yourself speed up. Something hits you but does no damage.
Something bites you.
* * * LOW HITPOINT WARNING * * *
Something draws strength from your injuries!
It was a potion of degeneration.
There was something very wrong with that liquid.
You feel weakened.
You feel dopey.
You feel clumsy.
You feel less confused. You block something's attack. Something bites you.
* * * LOW HITPOINT WARNING * * *
Something draws strength from your injuries!
It was a potion of lignification.
You turn into a tree.
Your +0 pair of gloves melds into your body.
Your +0 leather armour melds into your body.
Your roots penetrate the ground.
It was a potion of cancellation.
Your magical effects are unravelling.
You feel magically purged.
You feel less wooden.
Your +0 pair of gloves unmelds from your body.
Your +0 leather armour unmelds from your body.
You feel yourself slow down.
You feel a little less mighty now. You block something's attack.
Something bites you but does no damage.
It was a potion of enlightenment.
You feel more buoyant. Something hits you but does no damage.
Something bites you.
* * * LOW HITPOINT WARNING * * *
Something draws strength from your injuries!
Unknown command.
It was a potion of berserk rage.
A red film seems to cover your vision as you go berserk!
You feel yourself moving faster!
You feel mighty! Something hits you but does no damage.
Something bites you but does no damage.
You closely miss something. Your kick misses something.
Something hits you but does no damage. Something bites you!
* * * LOW HITPOINT WARNING * * *
Something draws strength from your injuries!
You are too berserk!
You barely miss something. Something hits you.
You die...

. .. ... . .... .
..## ..... .....
####......
......##{<.......
#
........@........
#.
............##...
#. .$........###
.. .####.
..........# ##
.##.#....
..........###.
... .....
........####..#
..# .....
........!......
..# .....
......##.......
..# #....
#......#5.###....


There were no monsters in sight!

Vanquished Creatures
  Menkaure (D:5)
  A water moccasin (D:5)
  2 black bears
  A phantom (D:4)
  2 bullfrogs (Sewer)
  A wight (D:5)
  A howler monkey (D:5)
  2 orc priests (D:3)
  A bombardier beetle (D:5)
  3 hounds
  A sleepcap (D:5)
  2 iguanas
  2 orc wizards (D:4)
  8 adders
  5 river rats (Sewer)
  3 ufetubi (D:5)
  5 dart slugs
  4 ribbon worms
  9 orcs
  5 bats
  8 endoplasms
  3 giant cockroaches
  6 goblins
  10 hobgoblins
  4 jackals (D:2)
  5 kobolds
  4 quokkas
  10 ball pythons
  4 frilled lizards
  18 rats
131 creatures vanquished.

Notes
Turn   | Place    | Note
-------+----------+-------------------------------------------
     0 | D:1      | Aneyh the Tengu Monk began the quest for the Orb.
     0 | D:1      | Reached XP level 1. HP: 14/14 MP: 2/2
   301 | D:1      | Reached XP level 2. HP: 11/19 MP: 3/3
   415 | D:1      | Found a faded altar of an unknown god.
   785 | D:2      | Reached XP level 3. HP: 19/23 MP: 4/4
  1178 | D:2      | Reached skill level 5 in Long Blades
  1636 | D:3      | Reached XP level 4. HP: 28/28 MP: 5/5
  1989 | D:3      | Reached XP level 5. HP: 27/33 MP: 6/6
  2025 | D:3      | Found a shimmering blue altar of Sif Muna.
  2288 | D:4      | Reached skill level 4 in Fighting
  2316 | D:3      | Reached skill level 1 in Polearms
  2693 | D:4      | Noticed a phantom
  2705 | D:4      | Killed a phantom
  2706 | D:4      | Reached skill level 5 in Fighting
  2706 | D:4      | Reached XP level 6. HP: 36/40 MP: 7/7
  2862 | D:4      | Found a glowing drain.
  2879 | Sewer    | Entered a sewer
  3255 | Sewer    | Gained mutation: Your magical flight helps you evade
                  | attacks. (EV +4) [Tengu growth]
  3255 | Sewer    | Reached XP level 7. HP: 37/44 MP: 8/8
  3572 | Sewer    | Gained mutation: You occasionally lose the ability to read
                  | scrolls when taking damage. [potion of mutation]
  3572 | Sewer    | Gained mutation: You are partially covered in large bone
                  | plates. (SH +4) [potion of mutation]
  3572 | Sewer    | Gained mutation: You sometimes lose the ability to read
                  | scrolls when taking damage. [potion of mutation]
  3572 | Sewer    | Gained mutation: You are partially covered in iridescent
                  | scales. (AC +2) [potion of mutation]
  3760 | D:5      | Entered Level 5 of the Dungeon
  3777 | D:4      | Reached skill level 6 in Fighting
  3777 | D:4      | Reached skill level 5 in Polearms
  3969 | D:5      | Noticed Menkaure
  3976 | D:5      | Killed Menkaure
  3977 | D:5      | Reached XP level 8. HP: 52/52 MP: 9/9
  4366 | D:6      | Noticed a vampire
  4390 | D:5      | Reached skill level 7 in Fighting
  4420 | D:5      | Reached skill level 5 in Dodging
  4973 | D:6      | HP: 2/79 [something (12)]
  4974 | D:6      | Slain by a vampire

Illustrated notes

Levels and vault maps discovered:
D:1:      beargit_arrival_diablo_church, layout_rooms,
          chequers_ecumenical_altar_simple
D:2:      layout_loops_cross
D:3:      layout_rooms, lemuel_round_altar
D:4:      layout_rooms, cheibrodos_sewer_entry_bend
D:5:      cheibrodos_helix_gallery, layout_cave_pools, uniq_menkaure
D:6:      layout_rooms, mainiacjoe_overflow_big_doors,
          minmay_temple_entry_junction_2

Skill      XL: |  1  2  3  4  5  6  7  8 |
---------------+-------------------------+-----
Long Blades    | 4 5 |  5.2
Fighting       | 5 6 7 |  7.6
Dodging        | 4 5 |  5.2
Polearms       | 2 3 5 |  5.0

Action                     |  1- 3 |  4- 6 |  7- 9 || total
---------------------------+-------+-------+-------++-------
  Melee: Falchion          |    74 |    61 |       ||   135
         Kick              |    21 |    32 |    25 ||    78
         Peck              |    10 |    22 |    23 ||    55
         Trident           |       |   124 |    88 ||   212
         Great sword       |       |       |    16 ||    16
    Use: Potion            |       |       |    10 ||    10
         Scroll            |       |       |     3 ||     3
   Stab: Sleeping          |     3 |     1 |       ||     4
 Armour: Robe              |    22 |       |       ||    22
         Leather armour    |     1 |    97 |    73 ||   171
  Dodge: Dodged            |    52 |   138 |   183 ||   373
  Block: Buckler           |     7 |    41 |    45 ||    93
         Other             |       |       |    10 ||    10
